 Dungeon Crawl Stone Soup version 0.25-a0-681-gdf4e720381 (webtiles) character file.

Game seed: 15951550867366282521, levelgen mode: deterministic

277878 Flugslaktarn the Warrior (level 19, -12/196 HPs)
             Began as a Deep Dwarf Fighter on Mar 30, 2020.
             Was the Champion of Makhleb.
             Killed from afar by an ancient lich (41 damage)
             ... with an iron shot
             ... on level 5 of the Vaults.
             The game lasted 00:20:36 (19566 turns).

Flugslaktarn the Warrior (Deep Dwarf Fighter)      Turns: 19566, Time: 00:20:36

Health: -12/196    AC: 37    Str: 27    XL:     19   Next: 61%
Magic:  15/15      EV: 12    Int: 10    God:    Makhleb [******]
Gold:   2095       SH: 22    Dex: 12    Spells: 18/18 levels left

rFire    + + +     SeeInvis .   I - +6 war axe of Regicide {freeze, Fragile rPois Stlth+}
rCold    . . .     Gourm    .   y - +1 tower shield
rNeg     + + .     Faith    .   p - +8 chain mail of Fashionability {*Contam rF+++ rCorr}
rPois    +         Spirit   .   s - +0 helmet
rElec    .         Reflect  .   k - +2 cloak
rCorr    +         Harm     .   N - +1 pair of gloves
MR       ++...                  L - +2 pair of boots
Stlth    ..........             j - amulet of the acrobat
HPRegen  0.00/turn              v - +5 ring of evasion
MPRegen  0.14/turn              G - ring "Yluts" {rN+ AC+3 Stlth+}

@: mighty, lethally poisoned (-12 -> -12), about to teleport, berserk cooldown,
non-regenerating, slowed, lightly drained, very slow
A: damage resistance, heal wounds, negative energy resistance 1, sense
surroundings 3, no regeneration
}: 2/15 runes: serpentine, barnacled
a: Heal Wounds, Minor Destruction, Lesser Servant of Makhleb, Major Destruction,
Greater Servant of Makhleb, Renounce Religion


You were on level 5 of the Vaults.
You worshipped Makhleb.
Makhleb was exalted by your worship.
You were not hungry.

You visited 6 branches of the dungeon, and saw 35 of its levels.
You also visited: Sewer and Ossuary.

You collected 2459 gold pieces.
You spent 364 gold pieces at shops.

Inventory:

Hand Weapons
 i - a +2 broad axe of freezing
   (You found it on level 10 of the Dungeon)
 I - the +6 war axe of Regicide (weapon) {freeze, Fragile rPois Stlth+}
   (You acquired it on level 15 of the Dungeon)

   It has been specially enchanted to freeze those struck by it, causing extra
   injury to most foes and up to half again as much damage against particularly
   susceptible opponents.
   It can also slow down cold-blooded creatures.
   It protects you from poison.
   It will be destroyed if unequipped.
   It makes you more stealthy.
 R - a +1 broad axe of freezing
   (You acquired it on level 3 of the Vaults)
Armour
 k - a +2 cloak (worn)
   (You found it on level 9 of the Dungeon)
 p - the +8 chain mail of Fashionability (worn) {*Contam rF+++ rCorr}
   (You found it on level 15 of the Dungeon)

   It renders you almost immune to fire.
   It causes magical contamination when unequipped.
   It provides partial protection from all sources of acid and corrosion.
 s - a +0 helmet (worn)
   (You found it on level 4 of the Snake Pit)
 y - a +1 tower shield (worn)
   (You found it on level 6 of the Dungeon)
 L - a +2 pair of boots (worn)
   (You found it on level 5 of the Lair of Beasts)
 N - a +1 pair of gloves (worn)
   (You found it on level 15 of the Dungeon)
Jewellery
 f - an uncursed ring of protection from fire
   (You found it on level 4 of the Lair of Beasts)
 j - an amulet of the acrobat (around neck)
   (You found it on level 9 of the Dungeon)
 o - an uncursed ring of poison resistance
   (You found it on level 4 of the Dungeon)
 v - a +5 ring of evasion (left hand)
   (You found it on level 8 of the Dungeon)
 G - the ring "Yluts" (right hand) {rN+ AC+3 Stlth+}
   (You found it on level 10 of the Dungeon)

   [ring of protection]

   It affects your AC (+3).
   It protects you from negative energy.
   It makes you more stealthy.
Wands
 D - a wand of iceblast (26)
   (You took it off Pikel on level 4 of the Dungeon)
 E - a wand of paralysis (10)
   (You found it on level 11 of the Dungeon)
 K - a wand of acid (9)
   (You took it off a naga on level 1 of the Snake Pit)
Scrolls
 l - a scroll of holy word
 m - 4 scrolls of fog
 r - 3 scrolls of identify
 t - 11 scrolls of teleportation
 u - 6 scrolls of immolation
 B - a scroll of magic mapping
 C - 11 scrolls of remove curse
 M - 2 scrolls of fear
 O - a scroll of torment
 P - 2 scrolls of vulnerability
Potions
 b - a potion of lignification
 c - 4 potions of brilliance
 d - 3 potions of might
 g - 3 potions of mutation
 h - 3 potions of flight
 n - 3 potions of resistance
 q - 8 potions of curing
 w - 3 potions of heal wounds
 x - 5 potions of cancellation
 F - 5 potions of magic
 H - 2 potions of ambrosia
Miscellaneous
 A - a lamp of fire
   (You found it on level 10 of the Dungeon)
Comestibles
 a - 15 chunks of flesh
 e - 46 rations


   Skills:
 * Level 18.4(18.3) Fighting
 - Level 18.0(17.9) Axes
 + Level 17.8(17.7) Armour
 - Level 15.0(14.9) Shields
 - Level 15.0(14.9) Invocations


You had 18 spell levels left.
You didn't know any spells.
Your spell library was empty.

Dungeon Overview and Level Annotations

Branches:
Dungeon (15/15)            Temple (1/1) D:6            Lair (6/6) D:11
 Shoals (4/4) Lair:3        Snake (4/4) Lair:4        Slime (0/5) Lair:5
    Orc (0/2) D:9          Vaults (5/5) D:13          Sewer (visited)
Ossuary (visited)
  Crypt: Vaults:2-3  Depths: D:15

Altars:
Ashenzari
Cheibriados
Elyvilon
Fedhas
Makhleb
Nemelex Xobeh
Okawaru
Qazlal
Trog
Vehumet
The Shining One

Shops:
D:4 :   D:9 [   D:10 }   D:11 }   Vaults:2 !

Annotations:
D:5 1 runed translucent door, Duffy's ghost, amateur DsFi
D:6 2 transporters, Hartz's ghost, novice GrEE
D:15 Roxanne


Innate Abilities, Weirdness & Mutations

You are resistant to damage.
You can heal yourself by infusing magical energy.
You resist negative energy. (rN+)
You passively map a large area around you.
You do not regenerate.


Message History

The yaktaur captain hits you but does no damage.
Something touches you but does no damage.
The war gargoyle hits you with a +0 flail!
* * * LOW HITPOINT WARNING * * *
The ghostly ettin hits you with a +0 great mace!
* * * LOW HITPOINT WARNING * * *
The ghostly ettin hits you but does no damage.
The Ice Fiend closely misses you.
The Ice Fiend claws you but does no damage.
You feel much better.
The vault guard shouts! x2
The freezing wraith hits you but does no damage.
The freezing wraith hits you.
* * * LOW HITPOINT WARNING * * *
The freezing wraith drains your vigour!
You feel yourself slow down. You block the yaktaur captain's attack.
You block the war gargoyle's attack.
You hear some strange, mumbled words.
An iron shot appears from out of thin air!
The iron shot hits you!!!
You die...

*, ** * ,, , , *
,,, ,.##, , *...
..# , *...#
##..#, ."pC# ,
,##...# ,, ,
,#p..# ##...# ,
, *#...###....##
*, #o.p#CW1.^.#,
*#epp9@{1..# ,*
, , ##xGc##...#
*[)...TcpC§##..#
, ,, ,
#....cp#Q..##.#
, ,,
##...c##....###,
, #...#*......#
* , * ....#
.......#, , *
...#*, ...##.c..
* * ** ### #####
#...


You could see an ironheart preserver, a Tzitzimitl, an Ice Fiend, a fire giant,
a tengu reaver, a death knight, a yaktaur captain, 4 vault guards, a ghostly
ettin, a glowing orange brain, a deep troll, a war gargoyle, 3 yaktaurs, a
freezing wraith, a deep elf mage, an orc priest and a crawling corpse.

Vanquished Creatures
  Saint Roka (Vaults:1)
  A golden dragon (Vaults:5)
  A titan (Vaults:5)
  A tengu reaver (Vaults:2)
  A storm dragon (Vaults:2)
  7 nagarajas (Snake:4)
  A fire giant (Vaults:4)
  A frost giant (Vaults:4)
  6 vault wardens
  An azure jelly (shapeshifter) (Vaults:1)
  3 ghouls
  2 deep elf elementalists (Vaults:5)
  3 war gargoyles
  9 very ugly things
  9 ironheart preservers
  2 large abominations (Vaults:2)
  An entropy weaver (Vaults:1)
  4 stone giants
  3 ettins
  2 merfolk javelineers
  2 deep elf death magi
  3 merfolk impalers
  6 ogre magi
  6 yaktaur captains
  A fire dragon (Lair:6)
  A deep elf high priest (Vaults:5)
  3 great orbs of eyes
  16 vault guards
  10 naga warriors
  A rakshasa (Vaults:3)
  2 merfolk aquamancers (Shoals:4)
  A merfolk avatar (Shoals:2)
  An alligator snapping turtle (Shoals:2)
  5 centaur warriors
  2 hydras (Lair:6)
  4 anacondas (Snake:4)
  3 death knights
  A catoblepas (Lair:6)
  An anaconda (shapeshifter) (Vaults:4)
  A satyr (Shoals:2)
  20 two-headed ogres
  14 death yaks
  Urug (Lair:6)
  12 naga sharpshooters
  A small abomination (Vaults:2)
  A hell knight (D:15)
  6 deep elf knights
  4 shock serpents
  Sonja (D:13)
  4 skeletal warriors
  Nergalle (D:11)
  A salamander mystic (Snake:4)
  3 deep trolls (Vaults:3)
  An unseen horror (D:10)
  12 sea snakes
  11 naga ritualists
  A flayed ghost (Vaults:4)
  A deep elf archer (D:15)
  2 wizards
  2 wolf spider zombies (D:15)
  2 phantasmal warriors
  6 ironbrand convokers
  Pikel (D:4)
  A harpy (shapeshifter) (Vaults:3)
  2 lindwurms (Lair:6)
  13 mana vipers
  7 deep elf magi
  A necromancer (Vaults:4)
  5 orc knights
  A harpy (Vaults:4)
  3 wolf spiders
  A stone giant zombie (Vaults:4)
  15 fauns
  5 manticores
  13 ugly things
  7 salamanders
  6 cyclopes
  A human skeleton (Vaults:2)
  2 merfolk sirens
  22 black mambas
  4 water nymphs
  8 guardian serpents
  9 vault sentinels
  A gargoyle (D:11)
  14 naga magi
  13 spiny frogs
  A water nymph (shapeshifter) (Vaults:4)
  5 torpor snails (Lair:6)
  A kobold demonologist (D:15)
  5 rime drakes
  9 komodo dragons
  30 yaktaurs
  4 freezing wraiths
  A yaktaur (shapeshifter) (D:11)
  2 trolls (D:11)
  18 merfolk
  3 tyrant leeches (Lair:6)
  A polar bear (Lair:4)
  A tengu simulacrum (Vaults:4)
  14 hornets
  11 slime creatures
  5 snapping turtles
  24 blink frogs
  11 hippogriffs
  3 dream sheep (Shoals:4)
  2 redbacks
  Sigmund (D:3)
  2 tarantellas (shapeshifter)
  3 wraiths
  26 yaks
  A human (D:8)
  2 shadows
  4 hogs (D:8)
  A yak (shapeshifter) (Vaults:3)
  9 wyverns
  2 basilisks
  Eustachio (D:4)
  3 vampire mosquitoes (D:14)
  Menkaure (D:6)
  51 nagas
  A soldier ant (D:10)
  23 water moccasins
  12 porcupines
  9 orc warriors
  2 slaves (D:4)
  3 ice beasts
  5 sky beasts
  Purgy (Sewer)
  An ettin simulacrum (Vaults:4)
  A necrophage (D:9)
  An eye of draining (shapeshifter) (Vaults:2)
  An eye of draining (D:10)
  21 ogres
  4 black bears
  4 phantoms
  3 boggarts (Vaults:2)
  6 wolves (Lair:3)
  6 crocodiles
  9 centaurs
  6 big kobolds
  11 bullfrogs
  A gnoll sergeant (D:8)
  A wyvern zombie (D:14)
  3 scorpions
  A wyvern skeleton (D:6)
  21 wights
  6 electric eels
  3 howler monkeys
  7 centaur zombies
  2 crimson imps
  4 hounds
  A gnoll shaman (D:10)
  3 orc priests
  8 jellies
  7 orc wizards
  A bullfrog skeleton (D:11)
  2 centaur skeletons
  4 iguanas
  7 worker ants
  A hound zombie (D:6)
  A hound skeleton (D:5)
  4 worker ant zombies
  2 mummies
  6 gnolls
  8 adders
  A howler monkey skeleton (D:5)
  A shadow imp (D:10)
  An adder skeleton (D:5)
  2 worms
  2 dart slugs
  7 leopard geckos
  27 orcs
  2 giant cockroaches
  3 goblins
  3 hobgoblins (D:1)
  15 jackals
  5 quokkas
  A ball python (D:3)
  2 bats
  6 frilled lizards
  7 gnoll skeletons (Ossuary)
  A jackal skeleton (D:5)
  10 kobolds
  7 kobold skeletons (Ossuary)
  A leopard gecko skeleton (D:4)
  10 orc skeletons (Ossuary)
  An orc zombie (D:8)
  A quokka skeleton (D:7)
  A quokka zombie (D:7)
  A rat (D:1)
  2 crawling corpses
  7 fungi
  23 plants
1033 creatures vanquished.

Vanquished Creatures (collateral kills)
  Mennas (Vaults:2)
  2 vault guards (D:13)
  A merfolk aquamancer (Shoals:4)
  3 hydras
  A two-headed ogre (D:15)
  An unseen horror (D:10)
  A necromancer (Vaults:2)
  A centaur skeleton (D:13)
  A yaktaur (D:10)
  A merfolk (Shoals:4)
  A troll (D:10)
  A human skeleton (Vaults:2)
  3 centaurs
  An orc simulacrum (Vaults:2)
  A hound skeleton (D:10)
  A gnoll (D:10)
  A jackal (D:10)
  A plant (Shoals:4)
23 creatures vanquished.

Vanquished Creatures (others)
  A golden dragon (Vaults:5)
  A lich (Vaults:2)
  An ogre mage (Vaults:2)
  A vault sentinel (Vaults:5)
  A naga mage (Snake:4)
  A centaur (D:11)
  A fire vortex (Lair:2)
  15 fungi
  42 plants
64 creatures vanquished.

Grand Total: 1120 creatures vanquished

Notes
Turn   | Place    | Note
-------+----------+-------------------------------------------
     0 | D:1      | Flugslaktarn the Deep Dwarf Fighter began the quest for the
                  | Orb.
     0 | D:1      | Reached XP level 1. HP: 20/20 MP: 1/1
   131 | D:1      | Reached XP level 2. HP: 25/27 MP: 2/2
   276 | D:2      | Reached XP level 3. HP: 31/34 MP: 3/3
   286 | D:3      | Found a glowing drain,
   334 | Sewer    | Entered a sewer
   367 | Sewer    | Noticed Purgy
   380 | Sewer    | Killed Purgy
   380 | Sewer    | Reached XP level 4. HP: 23/42 MP: 4/4
   380 | Sewer    | Reached XP level 5. HP: 27/49 MP: 5/5
   544 | D:3      | Noticed Sigmund
   561 | D:3      | Killed Sigmund
   561 | D:3      | Reached skill level 5 in Axes
   561 | D:3      | Reached XP level 6. HP: 52/57 MP: 6/6
   876 | D:4      | Noticed a slave
   876 | D:4      | Noticed Pikel
   877 | D:4      | Noticed a slave
   878 | D:4      | Noticed a slave
   879 | D:4      | Noticed a slave
   888 | D:4      | Killed a slave
   906 | D:4      | Killed a slave
   907 | D:4      | Killed Pikel
   907 | D:4      | Reached skill level 5 in Armour
   907 | D:4      | Reached skill level 5 in Shields
   907 | D:4      | Reached XP level 7. HP: 40/66 MP: 7/7
  1012 | D:4      | Reached XP level 8. HP: 52/73 MP: 7/7
  1084 | D:4      | Found Qudie's Book Shop,
  1148 | D:4      | Noticed Eustachio
  1167 | D:4      | Killed Eustachio
  1406 | D:5      | Entered Level 5 of the Dungeon
  1422 | D:5      | Reached skill level 5 in Fighting
  1638 | D:5      | Noticed Duffy's ghost (amateur DsFi)
  1647 | D:5      | Found a runed translucent door,
  1941 | D:6      | Gained mutation: You passively map the area around you.
                  | [Deep Dwarf growth]
  1941 | D:6      | Reached XP level 9. HP: 41/81 MP: 7/7
  1980 | D:6      | Found a staircase to the Ecumenical Temple,
  2026 | Temple   | Entered the Ecumenical Temple
  2048 | Temple   | Became a worshipper of Makhleb the Destroyer
  2202 | D:6      | Reached skill level 1 in Invocations
  2239 | D:6      | Noticed Hartz's ghost (novice GrEE)
  2240 | D:6      | Found a transporter,
  2444 | D:6      | Found a transporter,
  2476 | D:6      | Noticed Menkaure
  2486 | D:6      | Killed Menkaure
  3175 | D:8      | Found a sand-covered staircase,
  3186 | D:8      | Reached * piety under Makhleb
  3214 | Ossuary  | Entered an ossuary
  3379 | Ossuary  | Reached ** piety under Makhleb
  3621 | D:8      | Reached skill level 10 in Axes
  3621 | D:8      | Reached XP level 10. HP: 59/92 MP: 10/10
  4321 | D:9      | Found a white marble altar of Elyvilon,
  4537 | D:9      | Found Ameig's Antique Armour Shoppe,
  4564 | D:9      | Found a staircase to the Orcish Mines,
  4669 | D:10     | Entered Level 10 of the Dungeon
  4687 | D:10     | Reached skill level 5 in Invocations
  4729 | D:10     | Found Pyaczemu's Gadget Shop,
  5191 | D:10     | Noticed a two-headed ogre
  5200 | D:10     | Killed a two-headed ogre
  5200 | D:10     | Reached *** piety under Makhleb
  5228 | D:10     | Noticed a wizard
  5238 | D:10     | Killed a wizard
  5238 | D:10     | Reached XP level 11. HP: 72/100 MP: 12/12
  5279 | D:10     | Killed an unseen horror
  5305 | D:10     | Got an ancient wooden ring
  5439 | D:10     | Noticed a two-headed ogre
  5439 | D:10     | Noticed a four-headed hydra
  5454 | D:10     | Killed a two-headed ogre
  5461 | D:10     | Killed a five-headed hydra
  5493 | D:10     | Killed an unseen horror
  5517 | D:10     | Found the +7 Singing Sword {vorpal, sonic wave}
  5531 | D:10     | Found the +12 glaive of Prune {vorpal}
  5862 | D:11     | Found Nelazi's Gadget Shoppe,
  5990 | D:11     | Reached **** piety under Makhleb
  6033 | D:11     | Found a bloodstained altar of Trog,
  6093 | D:11     | Noticed a cyan ugly thing
  6107 | D:11     | Killed a cyan ugly thing
  6225 | D:11     | Found a staircase to the Lair,
  6294 | D:11     | Noticed Nergalle
  6316 | D:11     | Killed Nergalle
  6412 | D:11     | Reached XP level 12. HP: 38/110 MP: 15/15
  6505 | D:11     | Got a fine chain mail
  6516 | D:11     | Identified the +3 chain mail "Wiosaxt" {rElec rN+} (You
                  | found it on level 11 of the Dungeon)
  6517 | D:11     | Identified the ring "Yluts" {rN+ AC+3 Stlth+} (You found it
                  | on level 10 of the Dungeon)
  6735 | Lair:1   | Entered Level 1 of the Lair of Beasts
  6959 | Lair:1   | Reached skill level 10 in Shields
  7120 | Lair:1   | Reached skill level 10 in Armour
  8705 | Lair:3   | Reached ***** piety under Makhleb
  8706 | Lair:3   | Found a staircase to the Shoals,
  9224 | Lair:4   | Noticed a death yak
  9224 | Lair:4   | Noticed a death yak
  9225 | Lair:4   | Noticed a death yak
  9225 | Lair:4   | Noticed a death yak
  9237 | Lair:4   | Killed a death yak
  9244 | Lair:4   | Killed a death yak
  9248 | Lair:4   | Killed a death yak
  9248 | Lair:4   | Reached XP level 13. HP: 54/121 MP: 17/17
  9382 | Lair:4   | Reached skill level 10 in Invocations
  9400 | Lair:4   | Found a staircase to the Snake Pit,
 10283 | Lair:5   | Found a staircase to the Slime Pits,
 11156 | Lair:6   | Entered Level 6 of the Lair of Beasts
 11255 | Lair:6   | Noticed Urug
 11272 | Lair:6   | Killed Urug
 11297 | Lair:6   | Reached skill level 15 in Axes
 11510 | Lair:6   | Reached skill level 10 in Fighting
 11510 | Lair:6   | Gained mutation: You resist negative energy. (rN+) [Deep
                  | Dwarf growth]
 11510 | Lair:6   | Reached XP level 14. HP: 106/132 MP: 19/19
 11993 | Lair:6   | Reached ****** piety under Makhleb
 12211 | Lair:6   | Found a runed translucent door,
 12354 | Lair:6   | Paralysed by a hornet for 3 turns
 12740 | D:13     | Noticed Sonja
 12794 | D:13     | Killed Sonja
 12807 | D:13     | Found a gate to the Vaults,
 13088 | D:15     | Entered Level 15 of the Dungeon
 13185 | D:15     | Noticed a ghoul
 13236 | D:15     | HP: 3/133 [ghoul (17)]
 13245 | D:15     | Killed a ghoul
 13245 | D:15     | Reached XP level 15. HP: 70/140 MP: 18/18
 13337 | D:15     | Paralysed by an ogre mage for 2 turns
 13386 | D:15     | HP: 5/140 [ghoul (13)]
 13737 | D:15     | Noticed Roxanne
 13757 | D:15     | Got a transparent chain mail
 13758 | D:15     | Identified the +8 chain mail of Fashionability {*Contam
                  | rF+++ rCorr} (You found it on level 15 of the Dungeon)
 13771 | D:15     | Identified a scroll of acquirement
 13775 | D:15     | Identified the +6 war axe of Regicide {freeze, Fragile
                  | rPois Stlth+} (You acquired it on level 15 of the Dungeon)
 14024 | Snake:1  | Entered Level 1 of the Snake Pit
 14793 | Snake:4  | Entered Level 4 of the Snake Pit
 15066 | Snake:4  | Reached XP level 16. HP: 152/152 MP: 16/16
 15560 | Snake:4  | Got a serpentine rune of Zot
 15875 | Shoals:1 | Entered Level 1 of the Shoals
 16267 | Shoals:2 | Reached XP level 17. HP: 164/164 MP: 17/17
 16313 | Shoals:4 | Entered Level 4 of the Shoals
 16415 | Shoals:4 | Reached skill level 15 in Invocations
 16773 | Shoals:4 | Got a barnacled rune of Zot
 17098 | Vaults:1 | Entered Level 1 of the Vaults
 17162 | Vaults:1 | Noticed Saint Roka
 17199 | Vaults:1 | HP: 8/166 [white very ugly thing (18)]
 17281 | Vaults:1 | Reached skill level 15 in Shields
 17317 | Vaults:1 | Killed Saint Roka
 17317 | Vaults:1 | Reached skill level 15 in Armour
 17479 | Vaults:2 | Reached skill level 15 in Fighting
 17519 | Vaults:2 | Gained mutation: You passively map a large area around you.
                  | [Deep Dwarf growth]
 17519 | Vaults:2 | Reached XP level 18. HP: 178/178 MP: 17/17
 17636 | Vaults:2 | Found Ryezifil's Distillery,
 17644 | Vaults:2 | Bought a potion of mutation for 104 gold pieces
 17644 | Vaults:2 | Bought a potion of cancellation for 104 gold pieces
 17644 | Vaults:2 | Bought a potion of cancellation for 104 gold pieces
 17644 | Vaults:2 | Bought a potion of might for 52 gold pieces
 17676 | Vaults:2 | Noticed a lich
 17697 | Vaults:2 | Killed a lich
 17807 | Vaults:2 | Noticed Mennas
 17849 | Vaults:2 | Killed Mennas
 18520 | Vaults:3 | Identified the ring "Ibaq" {rN+ Str+5} (You acquired it on
                  | level 3 of the Vaults)
 18618 | Vaults:3 | Paralysed by a hornet for 1 turns
 19105 | Vaults:4 | Reached XP level 19. HP: 193/193 MP: 16/16
 19486 | Vaults:5 | Entered Level 5 of the Vaults
 19500 | Vaults:5 | Noticed a golden dragon
 19509 | Vaults:5 | Noticed a golden dragon
 19510 | Vaults:5 | Noticed a golden dragon
 19528 | Vaults:5 | Killed a golden dragon
 19546 | Vaults:5 | Noticed an ancient lich
 19552 | Vaults:5 | Killed a golden dragon
 19559 | Vaults:5 | Noticed a Tzitzimitl
 19566 | Vaults:5 | Killed from afar by an ancient lich

Levels and vault maps discovered:
D:1:      minmay_arrival_glassed_features, layout_basic,
          hangedman_decor_riveting
D:2:      layout_basic, grunt_gozag_breadcrumbs, minmay_vboxes, uniq_terence
D:3:      layout_loops_cross, gup_sewer_entry_glass, uniq_sigmund
D:4:      layout_loops_ring, serial_shops, nicolae_shop_waterfront,
          first_ration, dk_noncrumbling_2, uniq_pikel, uniq_eustachio
D:5:      layout_rooms, hellmonk_ghost_happy_afterlife
D:6:      layout_rooms, minmay_temple_entry_butterflies, gammafunk_ghost_smash,
          hex_large, minmay_misc_feat_encased, uniq_menkaure
D:7:      layout_loops_ring
D:8:      layout_basic, enter_ossuary_3, grunt_livestock
D:9:      layout_cave_pools, orc_0_dummy, serial_shops,
          nicolae_shop_overgrown_old_shop, serial_park_tiny_pond,
          minmay_crystal_room, skrybe_limestone_x, elyvilon_altar_5
D:10:     minmay_the_grid_square_5x5_4x4 [minmay_the_grid_square_5x5_inner_v,
          minmay_the_grid_square_5x5_empty, minmay_the_grid_square_5x5_inner_i,
          minmay_the_grid_square_5x5_forky,
          minmay_the_grid_square_5x5_three_small,
          minmay_the_grid_square_5x5_prize_deathbox,
          minmay_the_grid_square_5x5_prize_pseudospiral,
          minmay_the_grid_square_5x5_intrusive_squares,
          minmay_the_grid_square_5x5_spiral,
          minmay_the_grid_square_5x5_prize_open,
          minmay_the_grid_square_5x5_prize_waves,
          minmay_the_grid_square_5x5_minimal, minmay_the_grid_square_5x5_meh,
          minmay_the_grid_square_5x5_slash,
          minmay_the_grid_square_5x5_tri_point,
          minmay_the_grid_square_5x5_three], layout_loops_ring, serial_shops,
          shop
D:11:     layout_loops_cross, david_lair_shrubbed, serial_shops, shop_coins,
          lemuel_altar_in_water, uniq_nergalle
D:12:     layout_basic
D:13:     layout_roguey, erik_vaults_2, portal_ice_cave_demonic_guard,
          worms_lemuel, uniq_nessos, uniq_azrael, uniq_sonja
D:14:     layout_rooms, basic_altar
D:15:     hangedman_depths_entry_civil_slaughter, layout_irregular_city,
          minivault_23, serial_undead, serial_undead_d, serial_undead_d,
          serial_undead_b, serial_undead_a, serial_undead_b, uniq_roxanne
Temple:   nicolae_temple_the_god_donut
Lair:1:   layout_small_grid
Lair:2:   layout_gridlike, serial_bayou_shore_a
Lair:3:   layout_loops_ring, minmay_shoals_entry_beasts
Lair:4:   layout_cave_pods, guppyfry_snake_entry_island
Lair:5:   layout_small_grid, minmay_slime_entry_pillars
Lair:6:   hangedman_lair_tendril_chambers, layout_loops_ring, wormcave,
          uniq_urug
Shoals:1: layout_shoals, serial_shops, shop, uniq_nikola
Shoals:2: layout_shoals, nicolae_shoals_flooded_hall, uniq_polyphemus,
          uniq_ilsuiw
Shoals:3: layout_shoals, uniq_jorgrun
Shoals:4: shoals_end_grunt_garden, layout_shoals
Snake:1:  layout_onion_interference, drop_trap, grunt_ministairs_1,
          serial_bayou_lake_a, grunt_megastairs_1, uniq_asterion
Snake:2:  cheibrodos_toxic_ritual, layout_rooms
Snake:3:  layout_grid_maze, serial_shops, shop, uniq_vashnia
Snake:4:  johnstein_snake_rune_scales, layout_gridlike
Vaults:1: nicolae_vaults_circle_grid_b, vaults_room_pools, v_misc_29,
          kb_rosetta, vaults_standard_mumra_lines, nicolae_vaults_back_hallway,
          vaults_room_hallway, nicolae_vaults_diagonal_hallway_8,
          layout_vaults_maze_bifur, serial_shops, nicolae_shop_waterfront, shop,
          nicolae_shop_trees, shop, shop, uniq_saint_roka
Vaults:2: nicolae_vaults_stairing_the_circle, hangedman_vaults_trim,
          vaults_room_door_hall, v_misc_14, grunt_vaults_hallway_long,
          hangedman_vaults_slice, v_misc_19, vaults_standard_mumra_x,
          vaults_room_grunt_arrival_ludios, nicolae_vaults_specimen_jars,
          vaults_room_hangedman_quadrants, nicolae_vaults_ring_of_whatevers,
          layout_vaults_omnigrid, serial_shops, shop, uniq_mara, uniq_mennas
Vaults:3: ontoclasm_vaults_gateway, nicolae_vaults_arrows, vaults_dpeg_ring,
          st_squares, minmay_crypt_entry_necro_gods,
          vaults_standard_mumra_enter_the_diamond, v_misc_13,
          vaults_room_mumra_shop_pool, layout_vaults_chaotic_city
Vaults:4: dpeg_vaults_monster_box, ontoclasm_vaults_shuriken,
          vaults_dpeg_diagonal, nicolae_vaults_network_s, grunt_vaults_swirl,
          ontoclasm_vaults_ligature, nicolae_vaults_twisting_passages,
          vaults_room_grid, v_pattern_2, st_octagons_1,
          ontoclasm_vaults_loading_screen, v_alt_pattern_4, v_misc_23,
          vaults_mumra_minichess, vaults_mumra_chevron, layout_vaults_omnibox,
          serial_shops, bzr_entry_water, uniq_boris
Vaults:5: serial_shops

Skill      XL: |  1  2  3  4  5  6  7  8  9 10 11 12 13 14 15 16 17 18 19 |
---------------+----------------------------------------------------------+-----
Fighting       | 3 4 5 6 7 8 9 10 11 13 15 17 18 | 18.4
Axes           | 3 4 5 6 8 10 11 12 14 15 16 17 18 | 18.0
Armour         | 4 5 6 7 8 9 10 11 12 13 14 15 17 | 17.8
Shields        | 4 5 6 7 8 9 10 11 12 13 14 15 | 15.0
Invocations    | 4 6 8 9 11 12 13 14 15 | 15.0

Action                   |  1- 3 |  4- 6 |  7- 9 | 10-12 | 13-15 | 16-18 | 19-21 || total
-------------------------+-------+-------+-------+-------+-------+-------+-------++-------
Melee: War axe           |    75 |   124 |   430 |   251 |   377 |  1521 |   236 ||  3014
       Broad axe         |       |       |       |   533 |   900 |       |       ||  1433
Invok: Lesser Servant of |       |       |       |     2 |     6 |       |       ||     8
       Greater Servant o |       |       |       |       |       |     4 |       ||     4
 Abil: Heal Wounds       |     1 |     2 |    17 |    13 |    22 |    24 |     5 ||    84
  Use: Scroll            |       |       |       |    26 |    11 |     2 |     5 ||    44
       Potion            |       |       |       |       |     1 |     2 |     4 ||     7
 Stab: Distracted        |       |       |       |     1 |       |     2 |       ||     3
  Eat: Chunk             |       |       |     8 |    18 |    14 |    16 |     2 ||    58
       Ration            |       |       |     1 |       |     2 |       |       ||     3
Armor: Scale mail        |    45 |    25 |       |       |       |       |       ||    70
       Chain mail        |       |    27 |   200 |   105 |   478 |   598 |   123 ||  1531
       Plate armour      |       |       |       |   173 |       |       |       ||   173
Dodge: Dodged            |    40 |    22 |    84 |   161 |   385 |   396 |    76 ||  1164
Block: Kite shield       |    43 |    62 |   136 |       |       |       |       ||   241
       Tower shield      |       |       |   204 |   746 |  1342 |  1579 |   243 ||  4114
       Reflection        |       |       |       |     6 |       |       |       ||     6

Table legend:
 A = Non-vault XP
 B = Vault XP
 C = Vault XP percentage of total XP
 D = Non-vault monster count
 E = Vault monster count
 F = Vault count percentage of total count
                 A         B        C        D         E       F
            +---------+---------+-------+---------+---------+-------
      Total |  212317 |  224880 |  51.4 |     629 |     397 |  38.7
            +---------+---------+-------+---------+---------+-------
        D:1 |      18 |       0 |   0.0 |      10 |       0 |   0.0
        D:2 |      26 |       0 |   0.0 |       5 |       0 |   0.0
        D:3 |      50 |     250 |  83.3 |      15 |       3 |  16.7
        D:4 |     429 |     823 |  65.7 |      13 |       2 |  13.3
        D:5 |     738 |       0 |   0.0 |      19 |       0 |   0.0
        D:6 |     847 |     172 |  16.9 |      13 |       1 |   7.1
        D:7 |    1055 |       0 |   0.0 |      19 |       0 |   0.0
        D:8 |     885 |     988 |  52.7 |      19 |       6 |  24.0
        D:9 |     659 |       0 |   0.0 |      15 |       0 |   0.0
       D:10 |    1395 |    6330 |  81.9 |      20 |      24 |  54.5
       D:11 |    5643 |    1159 |  17.0 |      47 |       2 |   4.1
       D:12 |     806 |       0 |   0.0 |       6 |       0 |   0.0
       D:13 |    1860 |    7521 |  80.2 |       9 |       8 |  47.1
       D:14 |    2850 |       0 |   0.0 |      10 |       0 |   0.0
       D:15 |    5712 |   12422 |  68.5 |      21 |      16 |  43.2
     Lair:1 |    3807 |       0 |   0.0 |      15 |       0 |   0.0
     Lair:2 |    4918 |       0 |   0.0 |      19 |       0 |   0.0
     Lair:3 |    3660 |     807 |  18.1 |      19 |       2 |   9.5
     Lair:4 |    8705 |     329 |   3.6 |      25 |       2 |   7.4
     Lair:5 |    6374 |     181 |   2.8 |      18 |       4 |  18.2
     Lair:6 |   15708 |   17538 |  52.8 |      42 |      52 |  55.3
   Shoals:1 |    4546 |       0 |   0.0 |       9 |       0 |   0.0
   Shoals:2 |    5653 |    3902 |  40.8 |      10 |       8 |  44.4
   Shoals:3 |     760 |       0 |   0.0 |       1 |       0 |   0.0
   Shoals:4 |    5847 |   15656 |  72.8 |      15 |      28 |  65.1
    Snake:1 |   21186 |     444 |   2.1 |      46 |       1 |   2.1
    Snake:2 |    6194 |       0 |   0.0 |      11 |       0 |   0.0
    Snake:3 |    3142 |       0 |   0.0 |       4 |       0 |   0.0
    Snake:4 |   15608 |   40377 |  72.1 |      33 |      68 |  67.3
   Vaults:1 |   15057 |   16656 |  52.5 |      17 |      25 |  59.5
   Vaults:2 |   34284 |   34391 |  50.1 |      59 |      41 |  41.0
   Vaults:3 |   20348 |   16038 |  44.1 |      30 |      27 |  47.4
   Vaults:4 |   10722 |   21214 |  66.4 |      13 |      25 |  65.8
   Vaults:5 |    2825 |   27186 |  90.6 |       2 |      20 |  90.9
      Sewer |       0 |     239 | 100.0 |       0 |       6 | 100.0
    Ossuary |       0 |     257 | 100.0 |       0 |      26 | 100.0
            +---------+---------+-------+---------+---------+-------
